 Dungeon Crawl Stone Soup version 0.17.2 (webtiles) character file.

111 ololoev the Slasher (level 4, 0/35 HPs)
             Began as a Mummy Chaos Knight on June 29, 2016.
             Slain by Crazy Yiuf
             ... wielding a +4 quarterstaff of chaos
              (11 damage)
             ... on level 2 of the Dungeon.
             The game lasted 00:02:46 (1923 turns).

ololoev the Slasher (Mummy Chaos Knight)            Turns: 1923, Time: 00:02:46

Health: 0/35       AC: 11    Str: 16    XL:     4   Next: 62%
Magic:  4/4        EV:  6    Int: 11    God:    Xom [....*.]
Gold:   60         SH:  0    Dex: 11    Spells: 0 memorised, 3 levels left

rFire  x . .     SeeInvis .     a - +0 falchion (chaos)
rCold  + . .     Clarity  .     j - +0 chain mail (curse)
rNeg   + + +     SustAt   .     (no shield)
rPois  ∞         Gourm    .     (no helmet)
rElec  .         Spirit   .     b - +0 cloak
rCorr  .         Warding  .     f - +0 pair of gloves
rMut   .         Stasis   .     (no boots)
MR     .....                    (no amulet)
Stlth  ..........               (no ring)
                                (no ring)

@: not resistant to hostile enchantments, extremely unstealthy
A: no food or potions, fire vulnerability, cold resistance 1, negative energy
resistance 3, torment resistance, unbreathing
a: Renounce Religion


Innate Abilities, Weirdness & Mutations

You do not eat or drink.
Your flesh is vulnerable to fire.
You are immune to poison.
Your flesh is cold resistant.
You are immune to negative energy.
You are immune to unholy pain and torment.
You can survive without breathing.

Inventory:

Hand Weapons
 a - a +0 falchion of chaos (weapon)
Missiles
 e - 10 poisoned needles
Armour
 b - a +0 cloak (worn)
 f - a +0 pair of gloves (worn)
 j - a cursed +0 chain mail (worn)
Scrolls
 c - a scroll of identify {unknown}
 d - 2 scrolls of enchant armour {unknown}
 g - a scroll of teleportation {unknown}
 h - a scroll of magic mapping {unknown}


   Skills:
 - Level 3.0 Fighting
 * Level 3.9 Long Blades
 + Level 2.6 Armour
 - Level 0.7 Dodging


You had 3 spell levels left.
You didn't know any spells.


You were on level 2 of the Dungeon.
You worshipped Xom.
You were a beloved toy of Xom.
You were not hungry.

You visited 1 branch of the dungeon, and saw 2 of its levels.

You collected 60 gold pieces.

* , , ##'##.# #.#.# * , ,,..*
#.##.# #.#.# **+# ####.# #.##.#
#.#.# , ..........# #.##.# ###.#
* #...).....#####.##.# #.## * ,
....#.##.##....##.# ##.#. * * #
............#.##.# #.... #.
#.#.##.bb..b.##.## #.(## #
##..#......g@........####..##
#.......#.##.##b##.##..........
.#.##.........##.##.##.#####.###
......####.##.##.##.##.#####.#
#......##.##.##.##........#.#
#.#.#.##.##.##.#####.###.#.###
#........##.##.###............
#.#.#.##.##.##.......###.#####
#.....##.##.############.###..

Notes
Turn   | Place    | Note
--------------------------------------------------------------
     0 | D:1      | ololoev the Mummy Chaos Knight began the quest for the Orb.
     0 | D:1      | Reached XP level 1. HP: 18/18 MP: 1/1
   239 | D:1      | Reached XP level 2. HP: 24/24 MP: 2/2
   690 | D:1      | Reached XP level 3. HP: 24/29 MP: 3/3
   752 | D:2      | XOM: divination: detect creatures
   777 | D:2      | XOM: divination: magic mapping
   958 | D:2      | Reached XP level 4. HP: 31/35 MP: 4/4
  1050 | D:2      | XOM: mild Necr miscast
  1473 | D:2      | XOM: harmless Pois miscast
  1506 | D:2      | XOM: mild Pois miscast
  1537 | D:2      | Noticed Crazy Yiuf
  1701 | D:2      | XOM: divination: magic mapping
  1922 | D:2      | XOM: butterfly on damage
  1923 | D:2      | Slain by Crazy Yiuf

Dungeon Overview and Level Annotations

Branches:
Dungeon (2/15)

Altars:

Annotations:
D:2 Crazy Yiuf


Message History

Key pressed, stopping explore.
There is an open door here.
There is an open door here.
As you open the door, it creaks loudly!
There is an open door here.
Crazy Yiuf is too close now for your liking.
Crazy Yiuf is nearby!
Crazy Yiuf is nearby!
Crazy Yiuf is nearby!
Crazy Yiuf says, "Which is more difficult, to awaken one who sleeps or to awaken one who, awake, dreams that he is awake?"
Throwing (i - inventory):
i - a throwing net (quivered)
Press: ? - help, Shift-Dir - straight line, f/p - Crazy Yiuf
Aim: Crazy Yiuf, wielding a quarterstaff of chaos and wearing a cloak You throw a throwing net.
The throwing net hits Crazy Yiuf.
Crazy Yiuf is caught in the net!
Crazy Yiuf struggles against the net.
You hit Crazy Yiuf.
Crazy Yiuf seems to speed up.
Xom thinks this is hilarious!
Crazy Yiuf is lightly wounded.
Crazy Yiuf struggles against the net. x2
The helpless Crazy Yiuf fails to defend himself.
You hit Crazy Yiuf.
Crazy Yiuf is moderately wounded.
Crazy Yiuf struggles to escape the net.
You hit Crazy Yiuf.
Crazy Yiuf is heavily wounded.
Crazy Yiuf struggles against the net.
The net rips apart, and Crazy Yiuf comes free!
Crazy Yiuf closely misses you.
You hit Crazy Yiuf. You freeze Crazy Yiuf.
Crazy Yiuf is severely wounded.
Crazy Yiuf completely misses you.
You closely miss Crazy Yiuf.
Crazy Yiuf is severely wounded.
Crazy Yiuf hits you with a quarterstaff of chaos! x2
A shower of butterflies erupts from you!
Crazy Yiuf freezes you.
You hit Crazy Yiuf but do no damage.
Crazy Yiuf is severely wounded.
Crazy Yiuf hits you with a quarterstaff of chaos!
You die...

You could see Crazy Yiuf.

Vanquished Creatures
  A gnoll (shapeshifter) (D:1)
  4 adders (D:2)
  3 gnolls (D:2)
  An ooze (D:1)
  2 giant geckos
  2 giant cockroaches (D:1)
  4 hobgoblins
  3 bats
  A giant newt (D:2)
  3 goblins
  5 kobolds
  7 rats
  A fungus (D:2)
37 creatures vanquished.

Vanquished Creatures (others)
  A giant cockroach (D:1)
1 creature vanquished.

Grand Total: 38 creatures vanquished

Action                   |  1- 3 |  4- 6 || total
-------------------------+-------+-------++-------
Melee: Falchion          |   108 |    60 ||   168
Throw: Throwing net      |       |     2 ||     2
 Stab: Sleeping          |     1 |       ||     1
       Paralysed         |     1 |       ||     1
       Held in net/web   |       |     1 ||     1
       Petrifying        |       |     1 ||     1
       Petrified         |       |     1 ||     1

Vault maps used:
D:1:      roderic_octagonal_star, st_stairs_14, minmay_ruptured
D:2:      uniq_crazy_yiuf_cottage
